 Dungeon Crawl Stone Soup version 0.29.1-15-g9cfb28693d (webtiles) character file.

Game seed: 8770563944408512015

1456 KittyFluff the Cudgeller (level 8, -5/51 HPs)
             Began as a Gargoyle Berserker on Apr 10, 2023.
             Was a Priest of Trog.
             Slain by Duvessa
             ... wielding a +0 short sword
              (7 damage)
             ... on level 6 of the Dungeon.
             The game lasted 00:24:52 (7132 turns).

KittyFluff the Cudgeller (Gargoyle Berserker)       Turns: 7132, Time: 00:24:53

Health: -5/51      AC:  9    Str: 20    XL:     8   Next: 76%
Magic:  0/8        EV: 12    Int:  9    God:    Trog [***...]
Gold:   275        SH:  0    Dex: 11    Spells: 7/7 levels left

rFire   . . .      SeeInvis .   a - +0 mace
rCold   . . .      Faith    .   (no shield)
rNeg    + + .      Spirit   +   c - +0 leather armour
rPois   ∞          Reflect  .   (no helmet)
rElec   +          Harm     .   (no cloak)
rCorr   +          Rampage  .   (no gloves)
Will    .....                   (no boots)
Stlth   +.........              v - amulet of guardian spirit
HPRegen 0.17/turn               u - ring of resist corrosion
MPRegen 0.11/turn               C - ring of positive energy

@: no status effects
A: sickness immunity, AC +5, negative energy resistance 1, electricity
resistance, torment resistance 1, petrification resistance
a: Renounce Religion, Berserk, Trog's Hand


You were on level 6 of the Dungeon.
You worshipped Trog.
Trog was most pleased with you.
You visited 1 branch of the dungeon, and saw 6 of its levels.

You collected 275 gold pieces.

Inventory:

Hand Weapons
 a - a +0 mace (weapon)
 g - the +8 trident of the Octopus King {venom, rElec rPois}
   (You found it on level 4 of the Dungeon)

   It poisons the flesh of those it strikes.
   rElec:     It insulates you from electricity.
   rPois:     It protects you from poison.
 E - a +0 shortbow
Missiles
 b - 5 datura-tipped darts (quivered)
 d - 71 stones
 n - 4 poisoned darts
 H - a curare-tipped dart
Armour
 c - a +0 leather armour (worn)
 r - a +1 ring mail of positive energy
Jewellery
 u - a ring of resist corrosion (left hand)
 v - an amulet of guardian spirit (around neck)
 C - a ring of positive energy (right hand)
Wands
 y - a wand of flame (25)
 F - a wand of mindburst (23)
Scrolls
 f - 2 scrolls of teleportation {unknown}
 i - 2 scrolls of blinking
 j - 2 scrolls of enchant weapon {unknown}
 m - 3 scrolls of brand weapon {unknown}
 q - 2 scrolls of amnesia {unknown}
 t - 2 scrolls of vulnerability {unknown}
 w - a scroll of acquirement {unknown}
 D - a scroll of torment {unknown}
 G - a scroll of poison
Potions
 e - 5 potions of cancellation
 h - a potion of haste
 k - 2 potions of berserk rage
 l - 4 potions of curing
 o - a potion of heal wounds
 p - a potion of flight {unknown}
 s - 3 potions of mutation {unknown}
 x - a potion of invisibility {unknown}
 z - 2 potions of brilliance {unknown}
 A - 3 potions of might {unknown}
 B - a potion of attraction {unknown}
 J - a potion of ambrosia {unknown}


   Skills:
 + Level 6.0 Fighting
 + Level 7.4 Maces & Flails
 + Level 0.5 Polearms
 * Level 5.3 Armour
 + Level 4.0 Dodging
 + Level 1.5 Stealth


You had 7 spell levels left.
You didn't know any spells.
Your spell library was empty.

Dungeon Overview and Level Annotations

Branches:
Dungeon (6/15)             Temple (0/1) D:4

Altars:

Shops:
D:4 !   D:5 (

Annotations:
D:6 Dowan, Duvessa, Sigmund


Innate Abilities, Weirdness & Mutations

You are immune to sickness and miasma.
Your stone body is resilient. (AC +5)
You are immune to poison.
You resist negative energy. (rN+)
You are resistant to electric shocks. (rElec)
You are resistant to unholy torment.
You are immune to petrification.


Message History

You hit Dowan.
Dowan is lightly wounded.
Dowan gestures at you while chanting. The puff of frost hits you.
Duvessa barely misses you.
You hit Dowan.
Dowan is lightly wounded.
Dowan casts a spell at you. The puff of frost hits you.
An orc comes into view. It is wielding a +0 hand axe.
Duvessa hits you with a +0 short sword! Duvessa attacks as you move away!
Duvessa hits you with a +0 short sword!
Dowan gestures at Duvessa while chanting.
Duvessa seems to speed up.
You hit Duvessa.
Duvessa is lightly wounded.
Duvessa hits you with a +0 short sword.
You barely miss Duvessa.
Duvessa is lightly wounded.
Duvessa hits you with a +0 short sword! Duvessa hits you with a +0 short sword.
Duvessa attacks as you move away! Duvessa barely misses you.
Duvessa hits you with a +0 short sword.
Dowan casts a spell.
Dowan blinks!
Duvessa attacks as you move away! Duvessa barely misses you.
Duvessa hits you with a +0 short sword!
* * * LOW HITPOINT WARNING * * *
Duvessa attacks as you move away! Duvessa misses you.
Duvessa hits you with a +0 short sword!
* * * LOW HITPOINT WARNING * * *
Blink to where?
Press: ? - help, Dir - move target
As you read the scroll of blinking, it crumbles to dust.
Duvessa gestures with her weapon.
Duvessa attacks as you move away! Duvessa misses you.
Duvessa attacks as you move away! Duvessa hits you with a +0 short sword.
* * * LOW HITPOINT WARNING * * *
Duvessa closely misses you. Duvessa attacks as you move away!
Duvessa barely misses you. Duvessa hits you with a +0 short sword!
You die...

####.........#...........#
#.........#...........#
###'#########...###...#
#.)###...###...###...#
#...............#..<.#
#.[.<...........#....#
#...............#....#
#..#.##....##e..###...#
####+##....##@..#######
#........#..........#
#........#.<........#
#........'..........#
#........#..........#
#........#..........#
#........#..........#
#........#..........#
#####################


You could see Duvessa (fast).

Vanquished Creatures
  Menkaure (D:5)
  2 water moccasins (D:5)
  An ice beast (D:5)
  2 phantoms
  A centaur (D:5)
  A kobold brigand (D:6)
  A bullfrog (D:6)
  A gnoll sergeant (D:6)
  2 necrophages (D:6)
  A jelly (D:4)
  3 hounds (D:5)
  4 iguanas
  An orc wizard (D:4)
  Terence (D:2)
  3 gnolls
  9 adders
  A white imp (D:5)
  An ufetubus (D:4)
  2 worms (D:2)
  3 dart slugs
  7 orcs
  12 endoplasms
  3 giant cockroaches
  6 goblins
  5 hobgoblins
  3 jackals (D:1)
  2 quokkas
  3 ball pythons
  12 bats
  3 frilled lizards
  14 kobolds
  5 rats
116 creatures vanquished.

Notes
Turn   | Place    | Note
-------+----------+-------------------------------------------
     0 | D:1      | KittyFluff the Gargoyle Berserker began the quest for the
                  | Orb.
     0 | D:1      | Reached XP level 1. HP: 14/14 MP: 1/1
   362 | D:1      | Reached XP level 2. HP: 17/19 MP: 2/2
  1152 | D:1      | Reached XP level 3. HP: 24/24 MP: 3/3
  1592 | D:2      | Reached ** piety under Trog
  1642 | D:2      | Noticed Terence
  1657 | D:2      | Killed Terence
  1658 | D:2      | Reached XP level 4. HP: 25/29 MP: 4/4
  1694 | D:2      | Reached skill level 4 in Maces & Flails
  2489 | D:3      | Reached XP level 5. HP: 33/33 MP: 5/5
  3265 | D:3      | Found a faded altar of an unknown god.
  3359 | D:4      | Found Qaesaph's Distillery.
  3385 | D:4      | Noticed a phantom
  3407 | D:4      | Killed a phantom
  3543 | D:4      | Found the +8 trident of the Octopus King {venom, rElec
                  | rPois}
  3773 | D:4      | Reached XP level 6. HP: 32/38 MP: 3/6
  3858 | D:4      | Found a staircase to the Ecumenical Temple.
  4106 | D:5      | Entered Level 5 of the Dungeon
  4130 | D:5      | Reached skill level 5 in Maces & Flails
  4223 | D:5      | Noticed a water moccasin
  4245 | D:5      | Killed a water moccasin
  4619 | D:5      | Reached skill level 1 in Stealth
  4619 | D:5      | Reached XP level 7. HP: 36/44 MP: 7/7
  5093 | D:5      | Reached *** piety under Trog
  5163 | D:5      | Reached skill level 6 in Maces & Flails
  5558 | D:4      | Reached skill level 5 in Fighting
  5827 | D:5      | Reached XP level 8. HP: 48/49 MP: 8/8
  5924 | D:5      | Noticed Menkaure
  5932 | D:5      | Killed Menkaure
  6125 | D:5      | Found Lohojuez's Weapon Emporium.
  6191 | D:6      | Noticed Sigmund
  6294 | D:6      | Reached skill level 5 in Armour
  6297 | D:6      | Reached skill level 7 in Maces & Flails
  7095 | D:6      | Noticed Duvessa
  7095 | D:6      | Noticed Dowan
  7130 | D:6      | HP: 1/51 [Duvessa/+0 short sword (4)]
  7132 | D:6      | Slain by Duvessa

Illustrated notes

Levels and vault maps discovered:
D:1:      heliophobic_arrival_battle_scene, layout_basic
D:2:      layout_basic, uniq_terence
D:3:      layout_loops_ring, dreamdust_ecumenical_altar_hidden_monk_grotto,
          chequers_garden
D:4:      layout_basic, minmay_temple_entry_enclosed_plants, serial_shops, shop
D:5:      layout_layer_cave, nicolae_stop_n_shop_1, hangedman_decor_push,
          uniq_menkaure
D:6:      layout_gridville, uniq_eustachio, uniq_sigmund,
          uniq_crazy_yiuf_cottage, uniq_grinder, uniq_duvessa

Skill      XL: |  1  2  3  4  5  6  7  8 |
---------------+-------------------------+-----
Dodging        | 2 3 4 |  4.0
Maces & Flails | 4 5 6 7 |  7.4
Armour         | 3 4 5 |  5.3
Fighting       | 4 5 6 |  6.0
Stealth        | 1 |  1.5
Polearms       | |  0.5

Action                   |  1- 3 |  4- 6 |  7- 9 || total
-------------------------+-------+-------+-------++-------
Melee: Mace              |   125 |   216 |   162 ||   503
       Punch             |     3 |     1 |     3 ||     7
       Trident           |       |       |    10 ||    10
Invok: Berserk           |       |       |     1 ||     1
  Use: Scroll            |     1 |     4 |     3 ||     8
Armor: Animal skin       |     8 |       |       ||     8
       Leather armour    |    66 |    98 |    76 ||   240
Dodge: Dodged            |    97 |   136 |   109 ||   342
